 Dungeon Crawl Stone Soup version 0.28-a0-828-g0121872642 (webtiles) character file.

Game seed: 5659575480788504754

242 flyleaff the Skirmisher (level 6, -8/47 HPs)
             Began as a Djinni Ice Elementalist on Nov 11, 2021.
             Mangled by a +4 quarterstaff of freezing (12 damage)
             ... created by the rancor of the Wu Jian Council
             ... in a sewer.
             The game lasted 00:07:27 (3803 turns).

flyleaff the Skirmisher (Djinni Ice Elementalist)   Turns: 3803, Time: 00:07:28

Health: -8/47      AC:  4    Str:  7    XL:     6   Next: 31%
Gold:   104        EV: 13    Int: 18    God:
                   SH:  0    Dex: 14

rFire   + + .      SeeInvis .   c - +2 dagger (drain)
rCold   x . .      Faith    .   (no shield)
rNeg    . . .      Spirit   .   a - +0 robe
rPois   ∞          Reflect  .   (no helmet)
rElec   .          Harm     .   (no cloak)
rCorr   .          Rampage  .   g - +1 pair of gloves
Will    .....                   (boots unavailable)
Stlth   ++........              (no amulet)
HPRegen 0.15/turn               (no ring)
MPRegen 0.00/turn               (no ring)

@: mighty, flying
A: sickness immunity, fire resistance 2, cold vulnerability 1, float, innate
caster, hp casting, extra vitality 1
a: no special abilities


You were in a sewer.
You visited 1 branch of the dungeon, and saw 3 of its levels.
You also visited: Sewer.

You collected 104 gold pieces.

Inventory:

Hand Weapons
 c - a +2 dagger of draining (weapon)
Missiles
 d - 11 poisoned darts (quivered)
 i - 3 datura-tipped darts
Armour
 a - a +0 robe (worn)
 g - a +1 pair of gloves (worn)
Potions
 e - a potion of curing {unknown}
 f - a potion of heal wounds {unknown}
 h - a potion of haste {unknown}
 j - a potion of ambrosia {unknown}
 k - a potion of cancellation {unknown}


   Skills:
 * Level 4.0 Fighting
 + Level 3.8 Dodging
 - Level 1.5 Stealth
 + Level 3.9 Spellcasting


You couldn't memorise any spells.
You knew the following spells:

 Your Spells              Type           Power      Damage    Failure   Level
a - Freeze                Ice            68%        1d8       3%          1
b - Frozen Ramparts       Ice            34%        1d5       9%          3
c - Ozocubu's Armour      Ice            17%        N/A       9%          3
d - Hailstorm             Conj/Ice       17%        3d6       28%         4
e - Foxfire               Conj/Fire      68%        2x1d7     3%          1
f - Call Imp              Summ           17%        N/A       4%          2
Your spell library was empty.

Dungeon Overview and Level Annotations

Branches:
Dungeon (3/15)              Sewer (1/1)

Altars:
Dithmenos
Wu Jian


Innate Abilities, Weirdness & Mutations

You are immune to sickness and miasma.
You are immune to poison.
Your flesh is very heat resistant. (rF++)
You are vulnerable to cold. (rC-)
You float through the air rather than walking.
You learn spells naturally, not from books.
Your magical power is your life essence.
You have superior vitality. (+4 HP)


Message History

You kill the adder!
Your Fighting skill increases to level 4!
Sifu Gene Jian Bin says: Die by a thousand cuts! 3 dancing weapons come into view.
There is a +0 vorpal glaive.
There is a +4 quarterstaff of freezing.
There is a +0 rapier of flaming.
You hit the +4 quarterstaff of freezing.
The +4 quarterstaff of freezing is moderately damaged.
You barely miss the +4 quarterstaff of freezing.
The +4 quarterstaff of freezing is moderately damaged.
The kobold shouts!
Unknown command.
You aren't carrying any scrolls.
Unknown command.
You hit the +0 vorpal glaive but do no damage.
The +4 quarterstaff of freezing hits you.
The +4 quarterstaff of freezing freezes you.
The +0 vorpal glaive hits you!
Unknown command.
It was a potion of might.
You feel very mighty all of a sudden.
The +4 quarterstaff of freezing hits you!
The +4 quarterstaff of freezing freezes you!
* * * LOW HITPOINT WARNING * * *
You puncture the +0 vorpal glaive!
The +0 vorpal glaive is almost destroyed.
The +0 vorpal glaive completely misses you.
The +4 quarterstaff of freezing hits you!
* * * LOW HITPOINT WARNING * * *
The +4 quarterstaff of freezing freezes you.
* * * LOW HITPOINT WARNING * * *
You puncture the +0 vorpal glaive!
You destroy the +0 vorpal glaive!
That felt strangely unrewarding.
The +4 quarterstaff of freezing barely misses you.
You miss the kobold.
You carefully extract the barbed spikes from your body.
Unknown command.
You barely miss the kobold.
The +4 quarterstaff of freezing hits you!
You die...

#≈≈.# ≈.
##.≈≈##
#≈≈...#
#≈###≈#
#≈# #≈#
##≈###≈#
#(≈≈#.≈≈
#(#†#≈#≈
#@#≈#≈
≈#
#K#≈#≈
≈# #.#.#
#####


You could see 2 dancing weapons and a kobold.

Vanquished Creatures
  A dancing weapon (Sewer)
  2 kobold brigands (Sewer)
  2 adders
  2 river rats (Sewer)
  3 worms
  6 bats
  8 endoplasms
  A giant cockroach (D:1)
  7 goblins
  A hobgoblin (D:2)
  3 quokkas
  5 ball pythons
  2 frilled lizards (D:1)
  12 kobolds
  2 rats
57 creatures vanquished.

Notes
Turn   | Place    | Note
-------+----------+-------------------------------------------
     0 | D:1      | flyleaff the Djinni Ice Elementalist began the quest for
                  | the Orb.
     0 | D:1      | Reached XP level 1. HP: 15/15 MP: 0/0
   331 | D:1      | Reached skill level 1 in Fighting
   331 | D:1      | Reached XP level 2. HP: 21/22 MP: 0/0
  1417 | D:1      | Reached XP level 3. HP: 27/27 MP: 0/0
  1417 | D:1      | Learned a level 1 spell: Foxfire
  1879 | D:2      | Found a faded altar of an unknown god.
  2143 | D:2      | Found a shadowy altar of Dithmenos.
  2166 | D:2      | Reached skill level 2 in Fighting
  2795 | D:2      | Prayed at the altar of an unknown god.
  2795 | D:2      | Became a worshipper of the Wu Jian Council
  2795 | D:2      | Reached * piety under Wu Jian
  2796 | D:2      | Fell from the grace of Wu Jian
  2883 | D:3      | Reached XP level 4. HP: 33/33 MP: 0/0
  2909 | D:3      | Found a glowing drain.
  2921 | Sewer    | Entered a sewer
  3237 | Sewer    | Noticed a kobold brigand
  3255 | Sewer    | Killed a kobold brigand
  3256 | Sewer    | Reached skill level 3 in Fighting
  3256 | Sewer    | Reached XP level 5. HP: 31/40 MP: 0/0
  3256 | Sewer    | Learned a level 2 spell: Call Imp
  3523 | Sewer    | Noticed a kobold brigand
  3539 | Sewer    | Killed a kobold brigand
  3540 | Sewer    | Reached XP level 6. HP: 44/47 MP: 0/0
  3794 | Sewer    | Reached skill level 4 in Fighting
  3796 | Sewer    | Noticed a +0 vorpal glaive
  3796 | Sewer    | Noticed a +4 quarterstaff of freezing
  3796 | Sewer    | Noticed a +0 rapier of flaming
  3801 | Sewer    | Killed a +0 vorpal glaive
  3803 | Sewer    | Mangled by a +4 quarterstaff of freezing

Illustrated notes

Levels and vault maps discovered:
D:1:      onia_arrival_pentagram, layout_basic
D:2:      layout_basic, hellmonk_ecumenical_altar_zigzags, basic_altar
D:3:      layout_rooms, portal_sewer_entry_d
Sewer:    sewer_co_tree

Skill      XL: |  1  2  3  4  5  6 |
---------------+-------------------+-----
Fighting       | 1 2 3 4 |  4.0
Dodging        | 3 |  3.8
Stealth        | |  1.5
Spellcasting   | |  3.9

Action                   |  1- 3 |  4- 6 || total
-------------------------+-------+-------++-------
Melee: Unarmed           |     1 |       ||     1
       Dagger            |    57 |    46 ||   103
Throw: Dart              |       |     9 ||     9
 Cast: Freeze            |    32 |     8 ||    40
       Frozen Ramparts   |       |     3 ||     3
Invok: Renounce Religion |     1 |       ||     1
  Use: Scroll            |     4 |       ||     4
       Potion            |       |     1 ||     1
 Stab: Sleeping          |     7 |       ||     7
Armor: Robe              |    16 |     6 ||    22
Dodge: Dodged            |    49 |    20 ||    69

Table legend: (Time is in decaauts)
 A = Elapsed time spent in this place.
 B = Non-inter-level travel time spent in this place.
 C = Inter-level travel time spent in this place.
 D = Time resting spent in this place.
 E = Time spent auto-exploring this place.
 F = Levels seen in this place.
 G = Mean time per level.
                   A        B        C        D        E       F      G
               +--------+--------+--------+--------+--------+-----+--------+
         Total |   3801 |   3731 |     70 |     14 |   3221 |   4 |  950.2 |
       Dungeon |   2920 |   2850 |     70 |      0 |   2484 |   3 |  973.3 |
         Sewer |    881 |    881 |      0 |     14 |    737 |   1 |  881.0 |
               +--------+--------+--------+--------+--------+-----+--------+

Top non-repeatable levels by time:
     D:1: 1747 daAuts
     D:2: 1061 daAuts
   Sewer: 881 daAuts
     D:3: 110 daAuts
